AoeStats
← Virtual Sabre

Arena

508676273Analyzed
1v1 RM · 7d ago on Sep 23, 2026· 54m 50s· 2 players
Game mode
Random Map
Map size
Tiny (2 player)
Population
200
Speed
Normal
Resources
Standard
Victory
Conquest
Starting age
Dark Age
Ending age
Imperial Age
RankedLock teamsTeams togetherTeam positionsShared explorationLock speedFull tech treeHidden civsTurbo modeCheats
Victory
Defeat
🇩🇪 Hindustanis · Germany
943
+14
🇧🇷 Franks · Brazil
902
-34
henriquetsevero
0:42 Loom
11:13 Feudal Age
12:34 Wheelbarrow
11:44 Town Watch
11:48 Double-Bit Axe
15:44 Gold Mining
15:45 Stone Mining
25:01 Castle Age
24:15 Arson
26:18 Crossbowman
27:04 Husbandry
29:28 Bow Saw
30:30 Ballistics
33:14 Imperial Age
32:00 Pikeman
32:40 Squires
32:27 Gambesons
33:55 Hand Cart
35:10 Gold Shaft Mining
36:51 Chemistry
37:50 Conscription
38:11 Cavalier
39:45 Heavy Scorpion
42:44 Elite Skirmisher
50:38 Chivalry
Virtual Sabre
11:53 Feudal Age
12:57 Loom
16:10 Castle Age
14:23 Horse Collar
15:25 Double-Bit Axe
16:30 Gold Mining
21:26 Bow Saw
26:33 Wheelbarrow
32:33 Imperial Age
30:49 Padded Archer Armor
32:05 Leather Archer Armor
32:59 Fletching
33:31 Hand Cart
34:21 Chemistry
33:34 Shatagni
34:30 Ring Archer Armor
35:08 Conscription
35:45 Bodkin Arrow
41:57 Bloodlines
41:47 Husbandry
42:03 Light Cavalry
43:46 Bloodlines
45:46 Heavy Camel Rider
48:00 Scale Barding Armor
50:41 Chain Barding Armor
52:37 Husbandry
53:02 Fortified Wall
Connection lost

Rejoining the realm…

Still unreachable

The connection could not be restored.

Session expired

The server has moved on; the page needs a fresh start.